 Dungeon Crawl Stone Soup version 0.22-a0-271-gc000056 (webtiles) character file.

16 nikopol the Firebug (level 2, -1/15 HPs)
             Began as a Deep Elf Fire Elementalist on Mar 11, 2018.
             Killed from afar by Sigmund (5 damage)
             ... with a magic dart
             ... on level 2 of the Dungeon.
             The game lasted 00:01:47 (545 turns).

nikopol the Firebug (Deep Elf Fire Elementalist)     Turns: 545, Time: 00:01:48

Health: -1/15      AC:  3    Str:  5    XL:     2   Next: 37%
Magic:  8/8        EV: 13    Int: 19    God:
Gold:   41         SH:  0    Dex: 15    Spells: 6/7 levels left

rFire    . . .     SeeInvis .   (no weapon)
rCold    . . .     Gourm    .   (no shield)
rNeg     . . .     Faith    .   a - +0 robe
rPois    .         Spirit   .   (no helmet)
rElec    .         Reflect  .   (no cloak)
rCorr    .         Harm     .   d - +0 pair of gloves
MR       .....                  (no boots)
Stlth    ++........             (no amulet)
HPRegen  0.05/turn              (no ring)
MPRegen  0.11/turn              (no ring)

@: no status effects
A: no striking features
a: no special abilities


You were on level 2 of the Dungeon.
You were not hungry.

You visited 1 branch of the dungeon, and saw 2 of its levels.

You collected 41 gold pieces.

Inventory:

Armour
 a - a +0 robe (worn)
 d - a +0 pair of gloves (worn)
Scrolls
 b - a scroll of fog {unknown}
 e - a scroll of teleportation {unknown}
 f - 2 scrolls of remove curse {unknown}
 g - a scroll of immolation {unknown}
 h - a scroll of noise {unknown}
Potions
 i - a potion of curing {unknown}
Comestibles
 c - 3 rations


   Skills:
 + Level 2.8 Dodging
 + Level 2.6 Stealth
 + Level 3.3 Spellcasting
 + Level 1.2 Conjurations
 + Level 3.6 Fire Magic


You had 6 spell levels left.
You knew the following spells:

 Your Spells              Type           Power        Failure   Level  Hunger
a - Flame Tongue          Conj/Fire      ##...        5%          1    None


Dungeon Overview and Level Annotations

Branches:
Dungeon (2/15)

Altars:

Annotations:
D:2 Sigmund


Message History

f - 2 scrolls labeled BOMUDU ZUSCH (gained 1)
Found a leather armour.
Sigmund the Dreaded comes into view.
He is wielding a scythe.
Casting: Flame Tongue (safe; 5% risk of failure)
Confirm with . or Enter, or press ? or * to list all spells.
You can't see any susceptible monsters within range! (Use Z to cast anyway.) Sigmund points at you and mumbles some strange words.
You are confused.
You bump into the rock wall.
You bump into the rock wall.
You bump into the rock wall.
You feel less confused.
Sigmund screams, "I am the angel of ZOT!!!"
Sigmund gestures at you while chanting. The puff of flame hits you!
Ouch! That really hurt!
* * * LOW HITPOINT WARNING * * *
Sigmund gestures at you while chanting. The magic dart hits you!
You die...

.. ..#
#..........####..♣ #
#.#.########.....##...
#.#.#.@...@..#.###..P.
#.#.#.######.#.# #._..
#.#.#.# #...# #....
#.#.#.# ###.# ##..8
#...#.# ## #...
#<..#.# #### #.##..#@#
#.......# #.####..#
########..#
..........#
########.## #.# #.#
#.#################


You could see Sigmund.

Vanquished Creatures
  A leopard gecko (D:1)
  A giant cockroach (D:1)
  3 goblins (D:1)
  2 kobolds
  A quokka (D:2)
  2 bats
  A frilled lizard (D:2)
  2 rats (D:1)
13 creatures vanquished.

Notes
Turn   | Place    | Note
-------+----------+-------------------------------------------
     0 | D:1      | nikopol the Deep Elf Fire Elementalist began the quest for the Orb.
     0 | D:1      | Reached XP level 1. HP: 10/10 MP: 6/6
   135 | D:1      | Reached XP level 2. HP: 15/15 MP: 4/8
   465 | D:2      | Found a faded altar of an unknown god.
   513 | D:2      | Noticed Sigmund
   545 | D:2      | Killed from afar by Sigmund

Vault maps used:
D:1:      roderic_crop_circles_arrival_small
D:2:      chequers_ecumenical_altar_lobes, uniq_sigmund

Action                   || total
-------------------------++-------
 Cast: Flame Tongue      ||    20
Dodge: Dodged            ||     2

Table legend:
 A = Spawn XP
 B = Non-spawn XP
 C = Spawn XP percentage of total XP
 D = Spawn monster count
 E = Non-spawn monster count
 F = Spawn count percentage of total count
 G = Total turns spent on level
                    A         B        C        D         E        F      G
               +---------+---------+-------+---------+---------+-------+---------
         Total |       0 |      23 |   0.0 |       0 |      13 |   0.0 |   545
               +---------+---------+-------+---------+---------+-------+---------
           D:1 |       0 |      16 |   0.0 |       0 |       9 |   0.0 |   410
           D:2 |       0 |       7 |   0.0 |       0 |       4 |   0.0 |   135
               +---------+---------+-------+---------+---------+-------+---------
